 Dungeon Crawl Stone Soup version 0.29.1-15-g9cfb28693d (webtiles) character file.

Game seed: 6376809778636461234

123 Sanktem7 the Trooper (level 4, -2/42 HPs)
             Began as a Minotaur Fighter on Mar 2, 2023.
             Slain by a worm (4 damage)
             ... on level 3 of the Dungeon.
             The game lasted 00:04:23 (2083 turns).

Sanktem7 the Trooper (Minotaur Fighter)             Turns: 2083, Time: 00:04:24

Health: -2/42      AC:  7    Str: 22    XL:     4   Next: 79%
Magic:  3/3        EV:  9    Int:  5    God:
Gold:   126        SH:  4    Dex: 10    Spells: 3/3 levels left

rFire   . . .      SeeInvis .   a - +0 war axe {axe}
rCold   . . .      Faith    .   c - +0 buckler
rNeg    . . .      Spirit   .   b - +0 scale mail
rPois   .          Reflect  .   (helmet restricted)
rElec   .          Harm     .   (no cloak)
rCorr   .          Rampage  .   (no gloves)
Will    .....                   (no boots)
Stlth   ..........              (no amulet)
HPRegen 0.14/turn               (no ring)
MPRegen 0.08/turn               (no ring)

@: no status effects
A: horns 2, retaliatory headbutt
a: no special abilities


You were on level 3 of the Dungeon.
You visited 1 branch of the dungeon, and saw 3 of its levels.

You collected 126 gold pieces.


Innate Abilities, Weirdness & Mutations

You have a pair of horns on your head.
You reflexively headbutt those who attack you in melee.


   Skills:
 * Level 5.0 Fighting
 * Level 4.3 Axes
 + Level 4.4 Armour
 - Level 3.6 Shields


You had 3 spell levels left.
You didn't know any spells.
Your spell library contained the following spells:

 Spells                   Type           Power      Damage    Failure   Level
 Apportation              Tloc           0%         N/A       87%         1
 Necrotise                Necr           0%         1d4       87%         1
 Summon Small Mammal      Summ           0%         N/A       87%         1
 Stone Arrow              Conj/Erth      0%         3d7       99%         3
 Animate Armour           Summ/Erth      0%         N/A       100%        4
 Lehudib's Crystal Spear  Conj/Erth      0%         10d2      100%        8

Inventory:

Hand Weapons
 a - a +0 war axe (weapon) {axe}
Missiles
 h - 37 stones (quivered) {throwing}
 i - 13 poisoned darts {throwing}
Armour
 b - a +0 scale mail (worn)
 c - a +0 buckler (worn)
Wands
 t - a wand of quicksilver (13)
   (You found it on level 3 of the Dungeon)
Scrolls
 e - 3 scrolls of identify {unknown}
 f - 4 scrolls of teleportation {unknown}
 j - a scroll of vulnerability {unknown}
 k - 3 scrolls of amnesia {unknown}
 n - 2 scrolls of poison {unknown}
 o - a scroll of fear {unknown}
 p - a scroll of noise {unknown}
 r - a scroll of acquirement {unknown}
 s - a scroll of silence {unknown}
Potions
 d - a potion of might
 g - a potion of heal wounds {unknown}
 l - 2 potions of mutation {unknown}
 m - a potion of attraction {unknown}
 q - a potion of invisibility {unknown}

Dungeon Overview and Level Annotations

Branches:
Dungeon (3/15) Zot: 15868

Altars:
Gozag

....##### ......... #.
......... .#. ........ #
.. #...... #.#
#.########...... ##...
#..#....##......
......####S#....##....).
#..w@.........+......
#/.####......##......
#..#####.....##......
#...........#########
#.#######†#.# ###
##.#.#######..
#..........#.#
#..#.##### #.# #.......#
#.#


You could see a worm and an adder (wandering).


Message History

No target in view!
No target in view!
No target in view!
No target in view!
No target in view!
No target in view!
No target in view!
No target in view!
No target in view!
No target in view!
No target in view!
No target in view!
No target in view!
No target in view!
No target in view!
No target in view!
You see here a frilled lizard corpse.
t - a wand of quicksilver (13) Ijyb the Twisted Goblin comes into view.
She is wielding a +0 club and carrying a wand of roots (10).
Ijyb shouts!
A worm comes into view.
An adder comes into view.
Ijyb hits you with a +0 club. 😕 HP[-1]
You take 1 damage, and now have 40/41 hp.
You barely miss Ijyb.
The adder hisses angrily.
Ijyb hits you with a +0 club. 😕 HP[-5]
You take 5 damage, and now have 35/41 hp.
You barely miss Ijyb. You headbutt Ijyb. Ijyb hits you with a +0 club. 😕 HP[-2]
You take 2 damage, and now have 33/41 hp.
You hit Ijyb.
Ijyb zaps a wand.
The roots erupt in riotous growth!
The grasping roots grab you!
Ijyb is unaffected.
The grasping roots constrict you.
You hear a shout! 😮 HP[-3]
You take 3 damage, and now have 30/41 hp.
You barely miss Ijyb. You headbutt Ijyb, but do no damage.
Ijyb hits you but does no damage. The grasping roots constrict you.
You block Ijyb's attack.
The grasping roots constrict you. 😮 HP[-8]
You take 8 damage, and now have 22/41 hp.
You closely miss Ijyb. You block Ijyb's attack.
The grasping roots constrict you.
* * * LOW HITPOINT WARNING * * *
The grasping roots release their grip on you. 😨 HP[-5]
You take 5 damage, and now have 17/41 hp.
You slash Ijyb! You headbutt Ijyb! Ijyb hits you with a +0 club.
* * * LOW HITPOINT WARNING * * *
Ijyb grins evilly.
Ijyb zaps a wand.
The roots erupt in riotous growth!
The grasping roots grab you!
Ijyb is unaffected.
The grasping roots constrict you.
* * * LOW HITPOINT WARNING * * *
😨 HP[-4]
You take 4 damage, and now have 13/41 hp.
You hit Ijyb. Your headbutt misses Ijyb. Ijyb closely misses you.
You furiously retaliate!
You headbutt Ijyb. The grasping roots constrict you.
* * * LOW HITPOINT WARNING * * *
😱 HP[-3]
You take 3 damage, and now have 10/41 hp.
You slash Ijyb!
You kill Ijyb!
The adder bites you.
* * * LOW HITPOINT WARNING * * *
You are poisoned.
The adder poisons you!
Your Fighting skill increases to level 5! 😱 HP[-2]
You now have 42 max hp (+1).
You take 2 damage, and now have 8/42 hp.
You barely miss the adder.
* * * LOW HITPOINT WARNING * * *
You feel sick.
The adder bites you but does no damage. x2 😱 HP[-2]
You take 2 damage, and now have 6/42 hp.
You barely miss the adder.
* * * LOW HITPOINT WARNING * * *
You feel sick.
The adder bites you but does no damage. 😱 HP[-2]
You take 2 damage, and now have 4/42 hp.
You slash the adder!
You feel sick. The adder closely misses you.
The adder barely misses you. 😱 HP[-1]
You take 1 damage, and now have 3/42 hp.
You miss the adder.
You feel sick. The adder barely misses you. You furiously retaliate!
You headbutt the adder!
You kill the adder! 😱 HP[-1]
You take 1 damage, and now have 2/42 hp.
You hit the worm.
You feel sick.
You are no longer poisoned.
An adder comes into view.
The worm bites you.
You die...

Skill      XL: |  1  2  3  4 |
---------------+-------------+-----
Fighting       | 4 5 |  5.0
Axes           | 3 4 |  4.3
Armour         | 4 |  4.4
Shields        | |  3.6

Action                   |  1- 3 |  4- 6 || total
-------------------------+-------+-------++-------
Melee: War axe           |   100 |    20 ||   120
       Headbutt          |     8 |     5 ||    13
Armor: Scale mail        |    58 |     7 ||    65
Dodge: Dodged            |    42 |     7 ||    49
Block: Buckler           |    27 |     5 ||    32

Levels and vault maps discovered:
D:1:      dpeg_arrival_arbitrary_c, layout_loops_ring, minmay_strange_pillars,
          minmay_pentomino_r2
D:2:      layout_loops_ring, basic_altar
D:3:      layout_basic, hellmonk_ecumenical_altar_pennies_from_heaven, uniq_ijyb

Notes
Turn   | Place    | Note
-------+----------+-------------------------------------------
     0 | D:1      | Sanktem7 the Minotaur Fighter began the quest for the Orb.
     0 | D:1      | Reached XP level 1. HP: 19/19 MP: 0/0
     0 | D:1      | magus.rc [v1.9.6]
     8 | D:1      | You pick up a book of Cantrips and begin reading...
     8 | D:1      | You add the spells Necrotise, Summon Small Mammal and
                  | Apportation to your library.
   236 | D:1      | Reached XP level 2. HP: 27/27 MP: 1/1
   281 | D:1      | Reached skill level 4 in Fighting
   352 | D:1      | Reached skill level 3 in Axes
   817 | D:2      | Found an opulent altar of Gozag.
   868 | D:2      | Reached skill level 4 in Armour
   868 | D:2      | Reached XP level 3. HP: 20/34 MP: 2/2
  1832 | D:3      | Found a faded altar of an unknown god.
  1969 | D:3      | You pick up a book of Armaments and begin reading...
  1969 | D:3      | You add the spells Stone Arrow, Animate Armour and
                  | Lehudib's Crystal Spear to your library.
  1993 | D:3      | Reached XP level 4. HP: 41/41 MP: 3/3
  2030 | D:3      | Reached skill level 4 in Axes
  2067 | D:3      | Noticed Ijyb
  2077 | D:3      | HP: 10/41 [constriction (3)]
  2078 | D:3      | Killed Ijyb
  2079 | D:3      | Reached skill level 5 in Fighting
  2080 | D:3      | HP: 4/42 [poisoned by an adder]
  2083 | D:3      | Slain by a worm

Vanquished Creatures
  Ijyb (D:3)
  5 adders
  A worm (D:2)
  2 endoplasms (D:1)
  A giant cockroach (D:2)
  6 goblins
  6 hobgoblins
  2 jackals (D:2)
  A ball python (D:3)
  8 bats
  5 frilled lizards
  8 kobolds
  2 rats (D:1)
48 creatures vanquished.

Table legend:
 A = Non-vault XP
 B = Vault XP
 C = Vault XP percentage of total XP
 D = Non-vault monster count
 E = Vault monster count
 F = Vault count percentage of total count
                 A         B        C        D         E       F
            +---------+---------+-------+---------+---------+-------
      Total |     135 |      41 |  23.3 |      45 |       3 |   6.2
            +---------+---------+-------+---------+---------+-------
        D:1 |      23 |       3 |  11.5 |      14 |       2 |  12.5
        D:2 |      54 |       0 |   0.0 |      17 |       0 |   0.0
        D:3 |      58 |      38 |  39.6 |      14 |       1 |   6.7
            +---------+---------+-------+---------+---------+-------

Illustrated notes

Table legend:
 A = Kills in this place as a percentage of kills in entire the game.
 B = Kills by you in this place as a percentage of kills by you in the entire game.
 C = Kills by friends in this place as a percentage of kills by friends in the entire game.
 D = Other kills in this place as a percentage of other kills in the entire game.
 E = Experience gained in this place as a percentage of experience gained in the entire game.
 F = Experience gained in this place divided by the number of levels of this place that you have seen.
                   A       B       C       D       E      F
               +-------+-------+-------+-------+-------+----------------------
         Total | 100.0 | 100.0 |   N/A |   N/A | 100.0 |  58.7
       Dungeon | 100.0 | 100.0 |   N/A |   N/A | 100.0 |  58.7
               +-------+-------+-------+-------+-------+----------------------

Table legend: (Time is in decaauts)
 A = Elapsed time spent in this place.
 B = Non-inter-level travel time spent in this place.
 C = Inter-level travel time spent in this place.
 D = Time resting spent in this place.
 E = Time spent auto-exploring this place.
 F = Levels seen in this place.
 G = Mean time per level.
                   A        B        C        D        E       F      G
               +--------+--------+--------+--------+--------+-----+--------+
         Total |   2130 |   2035 |     95 |      0 |   1718 |   3 |  710.0 |
       Dungeon |   2130 |   2035 |     95 |      0 |   1718 |   3 |  710.0 |
               +--------+--------+--------+--------+--------+-----+--------+

Top non-repeatable levels by time:
     D:2: 1002 daAuts
     D:1: 715 daAuts
     D:3: 412 daAuts
